 Dungeon Crawl Stone Soup version 0.29-a0-824-gd827844252 (webtiles) character file.

Game seed: 15657368434285209740

186 indigestion the Trooper (level 5, -2/42 HPs)
             Began as a Human Fighter on July 11, 2022.
             Succumbed to a kobold brigand's poison
             ... on level 3 of the Dungeon.
             The game lasted 00:04:36 (1971 turns).

indigestion the Trooper (Human Fighter)             Turns: 1971, Time: 00:04:37

Health: -2/42      AC:  7    Str: 16    XL:     5   Next: 98%
Magic:  5/5        EV: 12    Int: 11    God:
Gold:   115        SH:  5    Dex: 12    Spells: 4/4 levels left

rFire   . . .      SeeInvis .   a - +1 war axe
rCold   . . .      Faith    .   c - +0 buckler
rNeg    . . .      Spirit   .   b - +0 scale mail
rPois   .          Reflect  .   (no helmet)
rElec   .          Harm     .   (no cloak)
rCorr   .          Rampage  .   (no gloves)
Will    .....                   (no boots)
Stlth   ..........              (no amulet)
HPRegen 0.14/turn               d - +4 ring of evasion
MPRegen 0.09/turn               (no ring)

@: lethally poisoned (-2 -> -17), on berserk cooldown, slowed, very slow
A: no striking features
a: no special abilities


You were on level 3 of the Dungeon.
You visited 1 branch of the dungeon, and saw 3 of its levels.

You collected 115 gold pieces.

Inventory:

Hand Weapons
 a - a +1 war axe (weapon)
 q - a +0 morningstar
Armour
 b - a +0 scale mail (worn)
 c - a +0 buckler (worn)
Jewellery
 d - a +4 ring of evasion (left hand)
Scrolls
 g - a scroll of poison {unknown}
 l - a scroll of noise {unknown}
 m - a scroll of identify {unknown}
 r - a scroll of vulnerability {unknown}
Potions
 e - a potion of curing {unknown}
 i - a potion of mutation {unknown}
 k - a potion of lignification {unknown}
 n - 2 potions of attraction {unknown}
 o - a potion of cancellation {unknown}
 p - a potion of heal wounds {unknown}
 s - a potion of flight {unknown}


   Skills:
 + Level 4.0 Fighting
 + Level 3.3 Axes
 + Level 3.9 Armour
 + Level 4.0 Shields


You had 4 spell levels left.
You didn't know any spells.
Your spell library was empty.

Dungeon Overview and Level Annotations

Branches:
Dungeon (3/15)

Altars:

Annotations:
D:2 Natasha


Message History

You are more poisoned.
You closely miss the kobold brigand.
The kobold brigand is heavily wounded.
You feel very sick. You block the kobold brigand's attack.
You closely miss the kobold brigand.
The kobold brigand is heavily wounded.
You feel very sick.
The kobold brigand hits you but does no damage.
You are more poisoned.
You hit the kobold brigand.
The kobold brigand is heavily wounded.
* * * LOW HITPOINT WARNING * * *
You feel very sick.
The kobold brigand hits you with a +0 dagger of venom.
* * * LOW HITPOINT WARNING * * *
You barely miss the kobold brigand.
The kobold brigand is heavily wounded.
* * * LOW HITPOINT WARNING * * *
You feel very sick.
The kobold brigand hits you but does no damage.
You are more poisoned.
You are too berserk!
You slash the kobold brigand!
You kill the kobold brigand!
* * * LOW HITPOINT WARNING * * *
You feel very sick.
Your Fighting skill increases to level 4!
Your Shields skill increases to level 4!
You slash the kobold!
You kill the kobold!
* * * LOW HITPOINT WARNING * * *
You feel very sick.
* * * LOW HITPOINT WARNING * * *
You feel sick.
You feel a strong urge to attack something.
You are no longer berserk.
You are exhausted.
You feel yourself slow down.
You die...

.. . .## ..#
####.# .#####))K.#
## ....K.†...#
≈###.....###.#####
...#######...)..@#
......†.....####.#
...######.....##.#
..............##.#
....####..)....>.#
)...# #.#+#######
....# #. ....# ##
....#


There were no monsters in sight!

Vanquished Creatures
  A kobold brigand (D:3)
  Natasha (twice) (D:2)
  Robin (D:2)
  3 ball pythons (D:1)
  5 bats
  3 endoplasms
  6 giant cockroaches
  9 goblins
  6 hobgoblins
  3 jackals (D:2)
  2 quokkas
  4 frilled lizards
  7 kobolds
  6 rats
58 creatures vanquished.

Notes
Turn   | Place    | Note
-------+----------+-------------------------------------------
     0 | D:1      | indigestion the Human Fighter began the quest for the Orb.
     0 | D:1      | Reached XP level 1. HP: 18/18 MP: 1/1
   181 | D:1      | Reached XP level 2. HP: 24/24 MP: 2/2
   245 | D:1      | Found a faded altar of an unknown god.
   805 | D:2      | Noticed Natasha
   810 | D:2      | Killed Natasha
   811 | D:2      | Reached XP level 3. HP: 17/29 MP: 3/3
   958 | D:2      | Noticed Natasha
   967 | D:2      | Killed Natasha
   968 | D:2      | Reached XP level 4. HP: 11/35 MP: 4/4
  1447 | D:2      | Noticed Robin
  1453 | D:2      | Noticed Natasha
  1455 | D:2      | Killed Robin
  1465 | D:2      | Reached XP level 5. HP: 36/41 MP: 5/5
  1945 | D:3      | Noticed a kobold brigand
  1968 | D:3      | Killed a kobold brigand
  1969 | D:3      | HP: 3/63 [poisoned by a kobold brigand]
  1970 | D:3      | HP: 1/63 [poisoned by a kobold brigand]
  1971 | D:3      | Succumbed to a kobold brigand's poison

Illustrated notes

Levels and vault maps discovered:
D:1:      eino_arrival_cavern_c, layout_rooms,
          hellmonk_ecumenical_altar_crossroads
D:2:      minmay_general_purpose_star, layout_basic, uniq_natasha, uniq_robin
D:3:      cheibrodos_thug_alley, layout_basic, uniq_grinder

Skill      XL: |  1  2  3  4  5 |
---------------+----------------+-----
Axes           | 3 |  3.3
Fighting       | 4 |  4.0
Shields        | 4 |  4.0
Armour         | |  3.9

Action                   |  1- 3 |  4- 6 || total
-------------------------+-------+-------++-------
Melee: War axe           |    71 |    80 ||   151
  Use: Potion            |       |     3 ||     3
       Scroll            |       |     2 ||     2
Armor: Scale mail        |    36 |    60 ||    96
Dodge: Dodged            |    33 |    43 ||    76
Block: Buckler           |    16 |    32 ||    48

Table legend: (Time is in decaauts)
 A = Elapsed time spent in this place.
 B = Non-inter-level travel time spent in this place.
 C = Inter-level travel time spent in this place.
 D = Time resting spent in this place.
 E = Time spent auto-exploring this place.
 F = Levels seen in this place.
 G = Mean time per level.
                   A        B        C        D        E       F      G
               +--------+--------+--------+--------+--------+-----+--------+
         Total |   2033 |   2016 |     17 |    587 |   1013 |   3 |  677.7 |
       Dungeon |   2033 |   2016 |     17 |    587 |   1013 |   3 |  677.7 |
               +--------+--------+--------+--------+--------+-----+--------+

Top non-repeatable levels by time:
     D:1: 1046 daAuts
     D:2: 496 daAuts
     D:3: 490 daAuts
